 Dungeon Crawl Stone Soup version 0.20-a0-1121-gbb42413 (webtiles) character file.

164 Mesmaeker13 the Chiller (level 5, 0/35 HPs)
             Began as a Human Ice Elementalist on May 10, 2017.
             Slain by a centaur (6 damage)
             ... on level 6 of the Dungeon.
             The game lasted 00:07:21 (3485 turns).

Mesmaeker13 the Chiller (Human Ice Elementalist)    Turns: 3485, Time: 00:07:23

Health: 0/35       AC:  4    Str:  8    XL:     5   Next: 73%
Magic:  8/8        EV: 16    Int: 17    God:
Gold:   88         SH:  0    Dex: 13    Spells: 5/8 levels left

rFire    . . .     SeeInvis .   f - +0 short sword
rCold    . . .     Gourm    .   (no shield)
rNeg     . . .     Faith    .   a - +0 robe
rPois    .         Spirit   .   m - +0 helmet
rElec    .         Reflect  .   (no cloak)
rCorr    .         Harm     .   o - +0 pair of gloves
MR       .....                  (no boots)
Stlth    ++........             (no amulet)
Regen    0.2/turn               w - +3 ring of evasion
MPRegen  0.2/turn               (no ring)

@: no status effects
A: no striking features
a: no special abilities


You were on level 6 of the Dungeon.
You were not hungry.

You visited 1 branch of the dungeon, and saw 4 of its levels.

You collected 88 gold pieces.

Inventory:

Hand Weapons
 f - a +0 short sword (weapon)
 u - a +3 mace of protection
 x - a +1 dagger
Missiles
 n - 18 poisoned needles
 s - 4 needles of sleeping
Armour
 a - a +0 robe (worn)
 m - a +0 helmet (worn)
 o - a +0 pair of gloves (worn)
Jewellery
 w - a +3 ring of evasion (left hand)
 A - an uncursed ring of flight {unknown}
Scrolls
 l - 2 scrolls of teleportation
 q - 2 scrolls of recharging {unknown}
 r - 2 scrolls of amnesia
Potions
 e - 3 potions of resistance
 g - a potion of lignification {unknown}
 h - 2 potions of might
 i - 2 potions of mutation
 j - a potion of brilliance {unknown}
 k - a potion of curing
 v - a potion of haste
 B - a potion of invisibility {unknown}
Books
 b - a book of Frost

   Spells                             Type                      Level
   a - Freeze                         Ice                          1
   b - Throw Frost                    Conjuration/Ice              2
   c - Ozocubu's Armour               Charms/Ice                   3
   d - Throw Icicle                   Conjuration/Ice              4
   e - Summon Ice Beast               Ice/Summoning                4
Comestibles
 c - 4 bread rations
 p - 3 fruits
 t - a royal jelly
 z - a chunk of flesh


   Skills:
 + Level 3.6 Dodging
 - Level 2.0 Stealth
 - Level 2.0 Spellcasting
 + Level 2.3 Conjurations
 + Level 4.5 Ice Magic


You had 5 spell levels left.
You knew the following spells:

 Your Spells              Type           Power        Failure   Level  Hunger
a - Freeze                Ice            ###.         3%          1    #......
b - Throw Frost           Conj/Ice       ##....       7%          2    ###....


Dungeon Overview and Level Annotations

Branches:
Dungeon (3/15)

Altars:
Elyvilon
Qazlal
Ru
Uskayaw


Message History

The centaur wields a shortbow.
The centaur shoots an arrow.
The arrow hits you!
You see here an arrow.
Casting: Freeze
Confirm with . or Enter, or press ? or * to list all spells.
Okay, then.
Okay, then.
It was a potion of curing.
You feel better.
The centaur shoots an arrow.
The arrow closely misses you.
The centaur shoots an arrow.
The arrow misses you.
The centaur shoots an arrow.
The arrow misses you.
The centaur shoots an arrow.
The arrow hits you.
You see here an arrow.
The centaur shoots an arrow.
The arrow hits you!
You hear a bark!
You see here an arrow.
The centaur unwields an uncursed shortbow.
The centaur hits you!
* * * LOW HITPOINT WARNING * * *
The centaur hits you.
You die...

,,,,....##..###......#,**,,,*,***
,,,.........# *#.....#,,,,,,,,,,,
,,,####.###.# #(....#,,,,,,,,***
**,* #,* #.####.....#,,,,,,,,*
**,****,* #....(.#*******,,,***
**,*,,,,* ######.#*,# *,,,*****
**,*,**** #(##.####**,,,,,,,
**,*,* #(......# *,,***** **,*,*
#@##.##.#**,,,,,* **,*,**
**#c#*,#*,,**,***,** ,,,,,,*
*<...,,,,,*,*,,,,,,, ,,,*,,*
***.#..#,*,,**,****,**
****,,******,......,,*,***,,,*,**
****,,,,,,,,.#,#....,,,**,*,,,,,,
>,,,,,*****##*,###..,*,*,**,,,,,,
,,,,,,,,,,,* *,***#.#**,***,,,,,,
,,,,,,****,* *,,,,,,,,,,* *,,,,,,


You could see a centaur.

Vanquished Creatures
  An orc wizard (D:3)
  7 adders
  4 worms
  3 dart slugs
  2 leopard geckos (D:2)
  2 orcs (D:3)
  2 giant cockroaches
  4 goblins
  9 hobgoblins
  4 jackals (D:3)
  A ball python (D:3)
  5 bats
  2 frilled lizards
  4 kobolds
  7 rats
57 creatures vanquished.

Notes
Turn   | Place    | Note
-------+----------+-------------------------------------------
     0 | D:1      | Mesmaeker13 the Human Ice Elementalist began the quest for the Orb.
     0 | D:1      | Reached XP level 1. HP: 13/13 MP: 3/3
   334 | D:1      | Reached XP level 2. HP: 19/19 MP: 1/5
  1081 | D:2      | Learned a level 2 spell: Throw Frost
  1088 | D:2      | Reached XP level 3. HP: 22/24 MP: 0/6
  1255 | D:2      | Found a hide-covered altar of Uskayaw.
  1834 | D:2      | Reached XP level 4. HP: 30/30 MP: 4/7
  2047 | D:3      | Reached skill level 4 in Ice Magic
  2176 | D:3      | Found a white marble altar of Elyvilon.
  2702 | D:3      | Reached XP level 5. HP: 35/35 MP: 3/8
  3434 | D:3      | Found a sacrificial altar of Ru.
  3467 | D:3      | You fall through a shaft for 3 floors!
  3471 | D:6      | Found a stormy altar of Qazlal.
  3480 | D:6      | Noticed a centaur
  3485 | D:6      | Slain by a centaur

Vault maps used:
D:1:      evilmike_arrival_crescent
D:2:      eat_drink_and_be_merry_uskayaw, first_bread
D:3:      lemuel_round_altar, nicolae_ru_the_path_less_chosen
D:6:      nicolae_overflow_crystal_walls

Skill      XL: |  1  2  3  4 |
---------------+-------------+-----
Dodging        | 3 |  3.6
Ice Magic      | 4 |  4.5
Conjurations   | 2 |  2.3
Stealth        | |  2.0
Spellcasting   | |  2.0

Action                   |  1- 3 |  4- 6 || total
-------------------------+-------+-------++-------
Melee: Unarmed           |     1 |       ||     1
       Short sword       |     7 |    35 ||    42
 Cast: Freeze            |    42 |    49 ||    91
       Throw Frost       |     1 |     8 ||     9
  Use: Scroll            |       |     8 ||     8
       Potion            |       |     1 ||     1
 Stab: Sleeping          |       |     2 ||     2
  Eat: Chunk             |     4 |     6 ||    10
Armor: Robe              |    12 |    12 ||    24
Dodge: Dodged            |    24 |    45 ||    69
